 Dungeon Crawl Stone Soup version 0.27.0-1-g7a089689b8 (webtiles) character file.

Game seed: 1071103785568290251

14758 Strat the Basher (level 11, -23/78 (87) HPs)
             Began as a Palentonga Monk on Aug 9, 2021.
             Was a High Priest of Hepliaklqana.
             Annihilated by Donald (39 damage)
             ... on level 2 of the Orcish Mines.
             The game lasted 00:30:07 (15075 turns).

Strat the Basher (Palentonga Monk)                 Turns: 15075, Time: 00:30:07

HP:   -23/78 (87)   AC: 24    Str: 19    XL:     11   Next: 92%
MP:   16/16         EV: 10    Int: 10    God:    Hepliaklqana [*****.]
Gold: 745           SH:  5    Dex: 12    Spells: 10/10 levels left

rFire    . . .     SeeInvis +   n - +0 dire flail
rCold    + . .     Faith    .   (shield currently unavailable)
rNeg     . . .     Spirit   .   z - +2 chain mail {rC+}
rPois    +         Reflect  +   d - +1 helmet
rElec    .         Harm     .   K - +2 cloak {Stlth+}
rCorr    .         Rampage  .   y - +0 pair of gloves
Will     .....                  (no barding)
Stlth    ..........             G - amulet of reflection
HPRegen  0.23/turn              N - +4 ring of evasion
MPRegen  0.15/turn              l - ring of poison resistance

@: hasted, studying Armour, heavily drained, curled up, very quick
A: reduced essence, large, rugged brown scales 3, see invisible, deformed body,
roll 1, armoured tail, reflexive curl
a: Rolling Charge, Renounce Religion, Recall Ancestor, Ancestor Identity,
Transference, Idealise


You were on level 2 of the Orcish Mines.
You worshipped Hepliaklqana.
Hepliaklqana was extremely pleased with you.
You visited 3 branches of the dungeon, and saw 15 of its levels.

You collected 745 gold pieces.

Inventory:

Hand Weapons
 a - a +0 flail
 n - a +0 dire flail (weapon)
 x - a +1 mace
Missiles
 i - 217 stones
 q - 3 boomerangs (quivered)
 w - a throwing net
 F - 33 poisoned darts
Armour
 d - a +1 helmet (worn)
 p - a +0 kite shield
 y - a +0 pair of gloves (worn)
 z - a +2 chain mail of cold resistance (worn)
 K - a +2 cloak of stealth (worn)
 O - a +2 buckler
Jewellery
 c - an amulet of magic regeneration
 j - a +6 ring of strength
 l - a ring of poison resistance (right hand)
 t - a ring of magical power
 v - an amulet of guardian spirit
 G - an amulet of reflection (around neck)
 M - an amulet of faith
 N - a +4 ring of evasion (left hand)
 S - a +6 ring of dexterity
 U - a ring of willpower
 V - the ring of Miracles {rN++ rCorr Int-5}
   (You found it on level 11 of the Dungeon)

   [ring of resist corrosion]

   Int:       It affects your intelligence (-5).
   rN:        It greatly protects you from negative energy.
   rCorr:     It protects you from acid and corrosion.
Wands
 g - a wand of acid (9)
 C - a wand of flame (22)
 E - a wand of mindburst (17)
 I - a wand of digging (4)
 J - a wand of iceblast (11)
Scrolls
 f - 4 scrolls of enchant weapon
 h - 2 scrolls of teleportation
 u - 4 scrolls of amnesia
 D - a scroll of magic mapping
 R - a scroll of enchant armour
 X - a scroll of summoning
Potions
 k - 3 potions of lignification
 m - 2 potions of degeneration
 o - 4 potions of curing
 r - a potion of cancellation
 s - a potion of flight
 A - 2 potions of brilliance
 B - 4 potions of invisibility
 H - 2 potions of heal wounds {unknown}
 T - a potion of mutation {unknown}
 W - a potion of berserk rage {unknown}
 Y - 2 potions of magic {unknown}
Miscellaneous
 P - a condenser vane


   Skills:
 - Level 10.0 Fighting
 - Level 14.0 Maces & Flails
 + Level 5.7 Armour
 - Level 2.4 Dodging
 - Level 1.2 Stealth
 + Level 7.0 Invocations


You had 10 spell levels left.
You didn't know any spells.
Your spell library contained the following spells:

 Spells                   Type           Power      Damage    Failure   Level
 Sublimation of Blood     Necr           0%         N/A       99%         2
 Gell's Gravitas          Tloc           0%         N/A       100%        3
 Ignite Poison            Fire/Tmut/Pois 0%         N/A       100%        3
 Mephitic Cloud           Conj/Pois/Air  0%         N/A       100%        3
 Stone Arrow              Conj/Erth      0%         3d7       100%        3
 Teleport Other           Tloc           0%         N/A       100%        3
 Petrify                  Tmut/Erth      0%         N/A       100%        4
 Bolt of Magma            Conj/Fire/Erth 0%         4d4       100%        5
 Irradiate                Conj/Tmut      0%         3d13      100%        5
 Dispersal                Tloc           0%         N/A       100%        6
 Shatter                  Erth           0%         3d5*      100%        9


Dungeon Overview and Level Annotations

Branches:
Dungeon (13/15)            Temple (1/1) D:5            Lair (0/6) D:8
    Orc (2/2) D:12
    Elf: Orc:2       Vaults: D:13-14

Altars:
Ashenzari
Dithmenos
Elyvilon
Fedhas
Gozag
Hepliaklqana
Kikubaaqudgha
Makhleb
Nemelex Xobeh
Okawaru
Qazlal
Trog
Uskayaw
Vehumet
Wu Jian
Xom
Yredelemnul
Zin
The Shining One
Beogh

Shops:
D:9 :

Annotations:
D:3 2 transporters, hatdisgam's ghost, amateur GnWn
D:12 Azrael
Orc:2 Donald; Jorgrun


Innate Abilities, Weirdness & Mutations

Your life essence is reduced to manifest your ancestor. (-10% HP)
You are completely covered in rugged brown scales. (AC +3, +7% HP)
You have supernaturally acute eyesight. (SInv)
Armour fits poorly on your strangely shaped body.
You can roll at nearby foes to attack.
You have a long armoured tail.
You curl defensively after being hit.


Message History

Donald blocks Tiberia's attack.
Jorgrun gestures at the rock wall while chanting.
Some rock shatters into small pieces.
Donald hits you from afar with a +0 demon trident of draining!
Found 4 gold pieces.
Donald mumbles some strange words.
Donald seems to speed up.
Donald mumbles some strange words.
Donald seems to grow stronger.
Tiberia barely misses Jorgrun.
Donald hits you from afar with a +0 demon trident of draining.
Tiberia misses Jorgrun.
Jorgrun hits Tiberia but does no damage.
Donald says, "Why is it so dark?
Have they never heard of torches?"
Donald hits you but does no damage.
Donald says, "Would you happen to remember where the Orb is?"
Donald hits you from afar with a +0 demon trident of draining.
Tiberia barely misses Jorgrun.
Tiberia blocks Jorgrun's attack.
You turn to flesh and can move again.
You feel yourself speed up. You block Donald's attack.
Tiberia hits Jorgrun with a +0 flail!
Tiberia blocks Jorgrun's attack.
Donald closely misses you.
Tiberia hits Jorgrun with a +0 flail!
Jorgrun hits Tiberia but does no damage.
Tiberia hits Jorgrun with a +0 flail!
Tiberia barely misses Jorgrun.
Donald hits you from afar with a +0 demon trident of draining!!
You feel drained.
* * * LOW HITPOINT WARNING * * *
Tiberia hits Jorgrun with a +0 flail.
Donald says, "If your ancestor was so tough and powerful, how come they're dead?"
Things that are here:
4 large rocks; a cyclops skeleton Donald hits you from afar with a +0 demon trident of draining!!
* * * LOW HITPOINT WARNING * * *
You feel drained.
* * * LOW HITPOINT WARNING * * *
There is a stone staircase leading up here.
Donald hits you from afar with a +0 demon trident of draining!!!
Ouch! That really hurt!
You die...

... ..... ......
.....#.#....
...........## ####
..........#.###.@###
.............#@....##
.....##......(......#
......##...........##
..................##.##
.................)....#
..................#..##
......................#
..g...............#...#


You could see Donald (fast, strong).

Vanquished Creatures
  3 cyclopes
  A manticore (D:12)
  2 unseen horrors
  A yaktaur (D:13)
  9 yaks
  A wyvern (D:8)
  A fire elemental (D:12)
  A steam dragon (D:8)
  4 vampire mosquitoes
  2 water moccasins
  2 hell hounds
  2 orc warriors
  An ice beast (D:5)
  A black bear (D:8)
  4 centaurs
  An ogre (D:4)
  A kobold brigand (D:9)
  3 scorpions
  A gnoll sergeant (D:10)
  2 killer bees (D:8)
  A wight (D:8)
  2 electric eels (D:11)
  4 centaur zombies
  A hound (D:6)
  6 orc priests
  A jelly (D:5)
  10 orc wizards
  4 iguanas
  A scorpion zombie (D:4)
  A killer bee zombie (D:6)
  A hound zombie (D:5)
  11 gnolls
  A howler monkey skeleton (D:4)
  A river rat (D:5)
  9 adders
  2 shadow imps
  2 white imps
  An ufetubus (D:5)
  An adder skeleton (D:4)
  3 worms
  A dart slug (D:1)
  23 orcs
  7 endoplasms
  6 giant cockroaches
  4 goblins
  5 hobgoblins
  3 jackals (D:2)
  3 quokkas
  2 ball pythons (D:2)
  4 bats
  3 frilled lizards
  12 kobolds
  A quokka zombie (D:4)
  4 rats
  A rat zombie (D:4)
185 creatures vanquished.

Vanquished Creatures (collateral kills)
  Harold (D:11)
  A two-headed ogre (Orc:2)
  2 ugly things
  Maurice (D:9)
  A gargoyle (D:13)
  An unseen horror (D:10)
  A komodo dragon (D:10)
  A troll (Orc:1)
  3 slime creatures (D:12)
  A shadow (D:12)
  A wraith (D:11)
  A wyvern (D:9)
  A fire elemental (D:11)
  7 yaks
  2 vampire mosquitoes
  A warg (Orc:1)
  An acid dragon (D:8)
  2 orc warriors
  3 centaurs
  A scorpion (D:5)
  A howler monkey (D:8)
  2 wights (D:8)
  3 centaur zombies
  A jelly (D:5)
  An orc priest (D:11)
  5 orc wizards
  3 gnolls
  7 orcs
  3 kobolds
59 creatures vanquished.

Vanquished Creatures (others)
  3 knights (D:12)
  2 orcs
5 creatures vanquished.

Grand Total: 249 creatures vanquished

Notes
Turn   | Place    | Note
-------+----------+-------------------------------------------
     0 | D:1      | Strat the Palentonga Monk began the quest for the Orb.
     0 | D:1      | Reached XP level 1. HP: 19/19 MP: 1/1
   319 | D:1      | Reached XP level 2. HP: 25/25 MP: 2/2
   387 | D:1      | Found a faded altar of an unknown god.
   774 | D:2      | Reached XP level 3. HP: 16/31 MP: 3/3
  1067 | D:2      | Reached skill level 4 in Maces & Flails
  1975 | D:3      | Found a transporter.
  1976 | D:3      | Noticed a phantom
  1996 | D:3      | Reached XP level 4. HP: 30/39 MP: 4/4
  2120 | D:3      | Found a transporter.
  2122 | D:3      | Noticed hatdisgam's ghost (amateur GnWn)
  2885 | D:4      | Noticed a scorpion
  2959 | D:4      | Noticed an ogre
  3003 | D:3      | Reached skill level 5 in Maces & Flails
  3003 | D:3      | Reached XP level 5. HP: 27/44 MP: 5/5
  3730 | D:4      | Reached XP level 6. HP: 44/52 MP: 6/6
  4090 | D:4      | Found a hide-covered altar of Uskayaw.
  4185 | D:4      | Reached skill level 6 in Maces & Flails
  4204 | D:4      | Reached skill level 5 in Fighting
  4564 | D:5      | Entered Level 5 of the Dungeon
  4888 | D:5      | Reached skill level 7 in Maces & Flails
  4888 | D:5      | Gained mutation: You curl defensively after being hit.
                  | [Palentonga growth]
  4888 | D:5      | Reached XP level 7. HP: 59/59 MP: 7/7
  5148 | D:5      | Found a staircase to the Ecumenical Temple.
  5169 | Temple   | Entered the Ecumenical Temple
  5264 | Temple   | Became a worshipper of Hepliaklqana the Forgotten
  5264 | Temple   | Reached * piety under Hepliaklqana
  5264 | Temple   | Reached ** piety under Hepliaklqana
  5411 | D:5      | Found a shimmering altar of Xom.
  5653 | D:5      | Found an ancient bone altar of Kikubaaqudgha.
  5670 | D:5      | Reached skill level 8 in Maces & Flails
  6570 | D:6      | Reached skill level 9 in Maces & Flails
  6570 | D:6      | Reached XP level 8. HP: 50/60 MP: 6/8
  6761 | D:6      | Found an iron altar of Okawaru.
  6934 | D:6      | Reached *** piety under Hepliaklqana
  6991 | D:6      | You fall into a shaft and drop 2 floors!
  6993 | D:8      | Remembered your ancestor Tiberia as a knight
  7108 | D:8      | Reached skill level 10 in Maces & Flails
  7119 | D:8      | Reached skill level 1 in Armour
  7132 | D:8      | Reached XP level 9. HP: 33/66 MP: 5/9
  7296 | D:8      | Found a shadowy altar of Dithmenos.
  7577 | D:8      | Found a staircase to the Lair.
  7674 | D:8      | Found an opulent altar of Gozag.
  8203 | D:8      | Reached skill level 11 in Maces & Flails
  8230 | D:8      | Found a broken altar of Ashenzari.
  8235 | D:8      | Reached **** piety under Hepliaklqana
  8366 | D:9      | Found Usotsopt's Book Shop.
  8444 | D:9      | Noticed a two-headed ogre
  8695 | D:9      | Noticed Maurice
  8711 | D:9      | Killed Maurice
  9277 | D:10     | Entered Level 10 of the Dungeon
  9299 | D:10     | Noticed a komodo dragon
  9352 | D:10     | Reached XP level 10. HP: 77/77 MP: 10/10
  9405 | D:10     | Reached skill level 5 in Armour
 10152 | D:11     | Identified the ring of Miracles {rN++ rCorr Int-5}
 10160 | D:11     | Noticed a cyclops
 10191 | D:11     | Killed a cyclops
 10192 | D:11     | Reached skill level 12 in Maces & Flails
 10935 | D:11     | Reached ***** piety under Hepliaklqana
 11169 | D:11     | Noticed Harold
 11189 | D:11     | Killed Harold
 11190 | D:11     | Reached skill level 10 in Fighting
 11190 | D:11     | Reached skill level 1 in Invocations
 11190 | D:11     | Reached XP level 11. HP: 16/87 MP: 10/12
 11569 | D:12     | Noticed Azrael
 12176 | D:12     | Reached skill level 13 in Maces & Flails
 12176 | D:12     | Found a staircase to the Orcish Mines.
 12729 | D:13     | Noticed a green ugly thing
 12739 | D:13     | Killed a green ugly thing
 13014 | D:13     | Noticed a centaur warrior
 13077 | D:13     | Reached skill level 5 in Invocations
 13241 | D:12     | Noticed a white ugly thing
 13253 | D:12     | Killed a white ugly thing
 14043 | D:12     | Reached skill level 14 in Maces & Flails
 14188 | Orc:1    | Entered Level 1 of the Orcish Mines
 14348 | Orc:2    | Entered Level 2 of the Orcish Mines
 14350 | Orc:2    | Noticed a two-headed ogre
 14361 | Orc:2    | Killed a two-headed ogre
 14372 | Orc:1    | HP: 3/87 [troll (12)]
 14894 | Orc:2    | Identified a scroll of acquirement
 14894 | Orc:2    | Acquired a manual of Armour
 14922 | Orc:1    | Noticed an orc sorcerer
 15047 | Orc:2    | Identified the +0 kite shield of Honesty {Dex+4}
 15047 | Orc:2    | Noticed Donald
 15047 | Orc:2    | Noticed Jorgrun
 15075 | Orc:2    | Annihilated by Donald

Illustrated notes

Levels and vault maps discovered:
D:1:      dpeg_arrival_shelter, layout_basic,
          hellmonk_ecumenical_altar_heavens_door, minmay_misc_feat_room
D:2:      layout_loops_corners
D:3:      layout_basic, gammafunk_ghost_mausoleum
D:4:      layout_cave_pools, mainiacjoe_overflow_chevrons, enter_ossuary_4,
          minmay_unequal
D:5:      layout_basic, nicolae_kikubaaqudgha_miasma_corner, dk_xom_monty_hall,
          minmay_temple_entry_butterflies, gup_sewer_entry_spiral, minivault_1
D:6:      layout_basic, cheibrodos_worm_habitat, okawaru_trees_1
D:8:      minmay_bubble_buster, layout_basic, grunt_gozag_breadcrumbs,
          lemuel_doored_altar, mainiacjoe_overflow_brackets, lair_entry_dummy
D:9:      layout_rooms, serial_shops, nicolae_stop_n_shop_2, uniq_maurice
D:10:     layout_loops_cross
D:11:     layout_basic, uniq_harold
D:12:     layout_irregular_city, minmay_orc_entry_temple_small, serial_shops,
          nicolae_shop_stone, uniq_azrael
D:13:     layout_loops_corners, hangedman_vaults_entry_quadrant_bands,
          nicolae_specific_store, skrybe_limestone_x, minmay_protected_statue
Temple:   minmay_temple_bridge_abc
Orc:1:    layout_caves
Orc:2:    st_orc_open, layout_caves, uniq_urug, uniq_donald, uniq_jorgrun,
          uniq_saint_roka

Skill      XL: |  1  2  3  4  5  6  7  8  9 10 11 |
---------------+----------------------------------+-----
Maces & Flails | 4 5 7 9 10 11 12 14 | 14.0
Fighting       | 4 5 6 7 10 | 10.0
Armour         | 2 4 5 |  5.7
Invocations    | 1 7 |  7.0
Dodging        | |  2.4
Stealth        | |  1.2

Action                   |  1- 3 |  4- 6 |  7- 9 | 10-12 || total
-------------------------+-------+-------+-------+-------++-------
Melee: Mace              |    78 |   128 |       |       ||   206
       Tailslap          |     3 |    19 |    36 |    51 ||   109
       Flail             |       |     3 |   218 |   291 ||   512
       Dire flail        |       |       |       |     8 ||     8
Throw: Boomerang         |       |     4 |       |       ||     4
Invok: Recall Ancestor   |       |       |     2 |     5 ||     7
       Ancestor Life: Kn |       |       |     1 |       ||     1
 Abil: Rolling Charge    |    20 |     6 |       |     2 ||    28
Evoke: Wand              |       |     3 |     3 |    10 ||    16
  Use: Scroll            |       |     5 |    10 |     8 ||    23
       Potion            |       |       |       |     5 ||     5
 Stab: Sleeping          |     1 |       |       |       ||     1
       Distracted        |       |       |     1 |     1 ||     2
Armor: Robe              |    26 |    25 |       |       ||    51
       Chain mail        |       |    17 |   113 |   162 ||   292
Dodge: Dodged            |    33 |    52 |    63 |   149 ||   297
Block: Other             |       |       |       |    76 ||    76
       Reflection        |       |       |       |    10 ||    10
